 Dungeon Crawl Stone Soup version 0.27-a0-1191-g601b473118 (webtiles) character file.

Game seed: 13757904384814381900

1 senseless the Skirmisher (level 1, -2/18 HPs)
             Began as a Demonspawn Monk on May 24, 2021.
             Slain by a rat (3 damage)
             ... on level 1 of the Dungeon.
             The game lasted 00:00:45 (31 turns).

senseless the Skirmisher (Demonspawn Monk)            Turns: 31, Time: 00:00:46

Health: -2/18      AC:  2    Str: 11    XL:     1   Next: 16%
Magic:  1/1        EV: 13    Int: 11    God:
Gold:   0          SH:  0    Dex: 15    Spells: 0/0 levels left

rFire    . . .     SeeInvis .     - Unarmed
rCold    . . .     Faith    .   (no shield)
rNeg     . . .     Spirit   .   a - +0 robe
rPois    .         Reflect  .   (no helmet)
rElec    .         Harm     .   (no cloak)
rCorr    .         Rampage  .   (no gloves)
Will     .....                  (no boots)
Stlth    ++........             (no amulet)
HPRegen  0.06/turn              (no ring)
MPRegen  0.07/turn              (no ring)

@: no status effects
A: no striking features
a: no special abilities


You were on level 1 of the Dungeon.
You visited 1 branch of the dungeon, and saw 1 of its levels.

Inventory:

Armour
 a - a +0 robe (worn)
Scrolls
 b - a scroll of vulnerability {unknown}


   Skills:
 * Level 3.0 Fighting
 + Level 2.7 Dodging
 - Level 1.7 Stealth
 + Level 2.7 Unarmed Combat


You couldn't memorise any spells.
You didn't know any spells.
Your spell library was empty.

Dungeon Overview and Level Annotations

Branches:
Dungeon (1/15)

Altars:


Message History

2 goblins come into view.
The goblin shouts!
You hear a bark! x2
A rat comes into view.
A jackal comes into view. x2
The goblin hits you with a +0 dagger.
The jackal moves out of view. x2
Found a crooked smoking staff.
A jackal comes into view.
You closely miss the goblin.
A jackal comes into view.
The goblin hits you with a +0 dagger.
The jackal barks!
You hit the goblin.
The goblin is heavily wounded.
The goblin hits you with a +0 dagger. The goblin barely misses you.
Why would you want to do that? Why would you want to do that?
You barely miss the goblin. The goblin hits you with a +0 club.
You are too injured to fight recklessly!
You are too injured to fight recklessly!
You closely miss the goblin. The goblin barely misses you.
You completely miss the goblin. You hit the rat but do no damage.
The goblin closely misses you. The rat completely misses you.
You hit the rat.
The rat is severely wounded.
The goblin hits you with a +0 club. The rat barely misses you.
You closely miss the goblin. The goblin hits you with a +0 club.
* * * LOW HITPOINT WARNING * * *
The rat closely misses you.
You closely miss the goblin. The goblin hits you but does no damage.
The rat bites you but does no damage.
You barely miss the goblin. The goblin hits you with a +0 club.
* * * LOW HITPOINT WARNING * * *
You hit the goblin.
You kill the goblin!
The rat barely misses you.
You hit the rat but do no damage.
The rat is severely wounded.
The rat bites you.
You die...

..h..##.#.....#...#
.hhr.............##.#
#.....)........
#.............#
##.............
##.(...h......#
#.....hhg.....#
#.....≈≈≈r≈≈≈..##
#....≈≈.@)..≈≈..##
#...≈≈....8..≈≈..#
#..≈≈.........≈≈.#
#..≈...........≈.#
#..≈..8.....♣..≈.#
..≈≈....<.8..≈≈...#
...≈≈....♣..≈≈....#
.#..≈≈.....≈≈..##+#
##..≈≈≈≈≈≈≈..#..


You could see 3 jackals, a goblin and a rat.

Vanquished Creatures
  A goblin (D:1)
1 creature vanquished.

Notes
Turn   | Place    | Note
-------+----------+-------------------------------------------
     0 | D:1      | senseless the Demonspawn Monk began the quest for the Orb.
     0 | D:1      | Reached XP level 1. HP: 18/18 MP: 1/1
    31 | D:1      | Slain by a rat

Illustrated notes

Levels and vault maps discovered:
D:1:      moated_graveyard_arrival, layout_basic, ebering_ecumenical_altar_webs

Action                   || total
-------------------------++-------
Melee: Unarmed           ||    12
Armor: Robe              ||     2
Dodge: Dodged            ||     7

Table legend: (Time is in decaauts)
 A = Elapsed time spent in this place.
 B = Non-inter-level travel time spent in this place.
 C = Inter-level travel time spent in this place.
 D = Time resting spent in this place.
 E = Time spent auto-exploring this place.
 F = Levels seen in this place.
 G = Mean time per level.
                   A        B        C        D        E       F      G
               +--------+--------+--------+--------+--------+-----+--------+
         Total |     30 |     30 |      0 |      0 |      7 |   1 |   30.0 |
       Dungeon |     30 |     30 |      0 |      0 |      7 |   1 |   30.0 |
               +--------+--------+--------+--------+--------+-----+--------+

Top non-repeatable levels by time:
     D:1: 30 daAuts
